 Dungeon Crawl Stone Soup version 0.30-a0-222-ge547ba4400 (webtiles) character file.

Game seed: 4211272420583421914

160 timneilson the Shield-Bearer (level 5, 0/33 HPs)
             Began as a Gargoyle Fighter on Oct 8, 2022.
             Slain by an orc
             ... wielding a +0 flail
              (6 damage)
             ... on level 4 of the Dungeon.
             The game lasted 00:05:33 (1932 turns).

timneilson the Shield-Bearer (Gargoyle Fighter)     Turns: 1932, Time: 00:05:34

Health: 0/33       AC: 13    Str: 22    XL:     5   Next: 41%
Magic:  5/5        EV:  9    Int:  8    God:
Gold:   71         SH:  5    Dex:  9    Spells: 4/4 levels left

rFire   . . .      SeeInvis .    a - +0 long sword
rCold   + . .      Faith    .    c - +1 buckler
rNeg    + . .      Spirit   .    b - +0 scale mail
rPois   ∞          Reflect  .    m - +0 helmet
rElec   +          Harm     .    (no cloak)
rCorr   .          Rampage  .    k - +0 pair of gloves
Will    .....                    (no boots)
Stlth   ..........               (no amulet)
HPRegen 0.25/turn                o - ring of protection from cold
MPRegen 0.09/turn                (no ring)

@: no status effects
A: sickness immunity, AC +4, negative energy resistance 1, electricity
resistance, torment resistance 1, petrification resistance
a: no special abilities


You were on level 4 of the Dungeon.
You visited 1 branch of the dungeon, and saw 4 of its levels.

You collected 71 gold pieces.

Inventory:

Hand Weapons
 a - a +0 long sword (weapon)
Armour
 b - a +0 scale mail (worn)
 c - a +1 buckler (worn)
 k - a +0 pair of gloves (worn)
 m - a +0 helmet (worn)
Jewellery
 o - a ring of protection from cold (left hand)
Scrolls
 d - a scroll of amnesia
Potions
 e - 2 potions of haste
 f - 3 potions of brilliance
 g - 2 potions of curing {unknown}
 h - 2 potions of heal wounds {unknown}
 i - a potion of resistance {unknown}
 j - a potion of lignification {unknown}
 l - a potion of magic {unknown}
 n - a potion of might
 p - a potion of attraction {unknown}


   Skills:
 + Level 3.7 Fighting
 * Level 2.8 Long Blades
 * Level 4.3 Armour
 + Level 1.2 Dodging
 * Level 4.4 Shields


You had 4 spell levels left.
You didn't know any spells.
Your spell library contained the following spells:

 Spells                   Type           Power      Damage    Failure   Level
 Wereblood                Tmut           0%         N/A       91%         2
 Inner Flame              Hex/Fire       0%         N/A       99%         3
 Flame Wave               Conj/Fire      0%         2d4       100%        4
 Sticky Flame             Conj/Fire      0%         2d3       100%        4
 Summon Hydra             Summ           0%         N/A       100%        7
 Sublimation of Blood     Necr           Unusable   N/A       N/A         2

Dungeon Overview and Level Annotations

Branches:
Dungeon (4/15)
 Temple: D:4-7

Altars:

Shops:
D:2 [   D:4 **


Innate Abilities, Weirdness & Mutations

You are immune to sickness and miasma.
Your stone body is resilient. (AC +4)
You are immune to poison.
You resist negative energy. (rN+)
You are resistant to electric shocks. (rElec)
You are resistant to unholy torment.
You are immune to petrification.


Message History

You barely miss the orc.
The orc is almost dead.
The orc barely misses you. The orc hits you but does no damage. x2
The orc hits you with a +0 club.
You hit the orc.
You kill the orc!
The orc barely misses you.
You hit the orc.
The orc is almost dead.
The orc hits you but does no damage. The orc hits you with a +0 club.
You hit the orc but do no damage.
The orc is almost dead.
The orc hits you but does no damage. x2; You block the orc's attack.
The orc hits you but does no damage.
You barely miss the orc.
The orc is almost dead.
The orc hits you with a +0 war axe. The orc hits you but does no damage.
You hit the orc but do no damage.
The orc is almost dead.
The orc hits you with a +0 war axe.
* * * LOW HITPOINT WARNING * * *
The orc completely misses you.
You hit the orc but do no damage.
The orc is almost dead.
The orc closely misses you. The orc hits you with a +0 club.
* * * LOW HITPOINT WARNING * * *
The orc hits you but does no damage. You block the orc's attack.
You hit the orc.
You kill the orc!
The orc hits you with a +0 club.
* * * LOW HITPOINT WARNING * * *
You hit the orc.
The orc is lightly wounded.
The orc barely misses you. The orc hits you with a +0 club.
* * * LOW HITPOINT WARNING * * *
You closely miss the orc. The orc barely misses you.
The orc hits you but does no damage.
You hit the orc but do no damage. You block the orc's attack.
The orc hits you but does no damage. The orc hits you with a +0 flail.
You die...

#.....###.##..##
#.............##
##.............#
#.............#
#....##....#...#
.....##...#######
#......##..#
...........#
.........#@### .
....###oo.## ..
.....##....##
>..... #.......#
....#####.....###
.....#.#........#
................#
...........#....#
...........#....#


You could see 2 orcs.

Vanquished Creatures
  An iguana (D:3)
  2 adders
  4 gnolls (D:3)
  A worm (D:3)
  6 dart slugs
  2 orcs (D:4)
  6 bats
  6 giant cockroaches
  3 hobgoblins
  9 jackals
  2 quokkas
  2 ball pythons (D:2)
  4 frilled lizards
  6 goblins
  5 kobolds
59 creatures vanquished.

Notes
Turn   | Place    | Note
-------+----------+-------------------------------------------
     0 | D:1      | timneilson the Gargoyle Fighter began the quest for the
                  | Orb.
     0 | D:1      | Reached XP level 1. HP: 14/14 MP: 1/1
   152 | D:1      | Reached XP level 2. HP: 19/19 MP: 2/2
   557 | D:1      | Reached XP level 3. HP: 23/23 MP: 3/3
   704 | D:1      | Found a faded altar of an unknown god.
  1017 | D:2      | Reached XP level 4. HP: 26/28 MP: 4/4
  1121 | D:2      | Found Deuhuusch's Armour Emporium.
  1338 | D:3      | Reached skill level 1 in Dodging
  1400 | D:3      | Reached XP level 5. HP: 3/32 MP: 5/5
  1785 | D:4      | Found Vodeh's Fire Supplies.
  1803 | D:4      | Found Budghe Ifod's Lightly-Used Armoury.
  1932 | D:4      | Slain by an orc

Illustrated notes

Levels and vault maps discovered:
D:1:      minmay_arrival_four_loops, layout_basic,
          shapermc_ecumenical_altar_mp_urbaneastern, minmay_pentomino_v4
D:2:      layout_rooms, serial_shops, shop
D:3:      layout_rooms
D:4:      layout_cave_pools, nicolae_shop_fire_sale [nicolae_sub_dead_trees],
          minmay_shop_damaged, solitary_fountain, supply_closet_lemuel,
          minmay_manual_mess

Skill      XL: |  1  2  3  4 |
---------------+-------------+-----
Long Blades    | 2 |  2.8
Shields        | 4 |  4.4
Dodging        | 1 |  1.2
Armour         | 4 |  4.3
Fighting       | |  3.7

Action                   |  1- 3 |  4- 6 || total
-------------------------+-------+-------++-------
Melee: Long sword        |   143 |   128 ||   271
  Use: Scroll            |     2 |     3 ||     5
       Potion            |       |     2 ||     2
Armor: Scale mail        |   106 |    90 ||   196
Dodge: Dodged            |    80 |    85 ||   165
Block: Buckler           |    47 |    39 ||    86

Table legend: (Time is in decaauts)
 A = Elapsed time spent in this place.
 B = Non-inter-level travel time spent in this place.
 C = Inter-level travel time spent in this place.
 D = Time resting spent in this place.
 E = Time spent auto-exploring this place.
 F = Levels seen in this place.
 G = Mean time per level.
                   A        B        C        D        E       F      G
               +--------+--------+--------+--------+--------+-----+--------+
         Total |   1999 |   1948 |     51 |    161 |   1157 |   4 |  499.8 |
       Dungeon |   1999 |   1948 |     51 |    161 |   1157 |   4 |  499.8 |
               +--------+--------+--------+--------+--------+-----+--------+

Top non-repeatable levels by time:
     D:1: 755 daAuts
     D:2: 592 daAuts
     D:3: 446 daAuts
     D:4: 204 daAuts
